 Dungeon Crawl Stone Soup version 0.30-a0-377-g5cb311bc9f (webtiles) character file.

Game seed: 8911327243524413875

214 qeuew the Ruffian (level 5, 53/53 HPs)
             Began as a Troll Berserker on Nov 29, 2022.
             Was a Believer of Trog.
             Quit the game on level 3 of the Dungeon.
             The game lasted 00:03:05 (1549 turns).

qeuew the Ruffian (Troll Berserker)                 Turns: 1549, Time: 00:03:06

Health: 53/53      AC:  4    Str: 27    XL:     5   Next: 60%
Magic:  4/4        EV: 11    Int:  3    God:    Trog [**....]
Gold:   81         SH:  0    Dex: 15    Spells: 4/4 levels left

rFire   . . .      SeeInvis .      - Unarmed
rCold   . . .      Faith    .    (no shield)
rNeg    . . .      Spirit   .    a - +0 animal skin
rPois   .          Reflect  .    (helmet restricted)
rElec   .          Harm     .    (no cloak)
rCorr   .          Rampage  .    (gloves unavailable)
Will    .....                    (boots unavailable)
Stlth   +.........               (no amulet)
HPRegen 1.08/turn                d - +6 ring of dexterity
MPRegen 0.09/turn                (no ring)

@: no status effects
A: large, unfitting armour, claws 3, regeneration 1, shaggy fur 1, tough skin 1
a: Renounce Religion, Berserk, Trog's Hand


You were on level 3 of the Dungeon.
You worshipped Trog.
Trog was pleased with you.
You visited 1 branch of the dungeon, and saw 3 of its levels.

You collected 81 gold pieces.

Inventory:

Missiles
 f - a throwing net (quivered)
Armour
 a - a +0 animal skin (worn)
Jewellery
 d - a +6 ring of dexterity (left claw)
Wands
 h - a wand of mindburst (10)
Scrolls
 b - a scroll of magic mapping
 e - a scroll of identify
 j - a scroll of butterflies
Potions
 c - 3 potions of curing
 g - a potion of haste
 i - a potion of attraction {unknown}


   Skills:
 + Level 3.3 Fighting
 + Level 3.3 Dodging
 * Level 5.0 Unarmed Combat
 + Level 0.0 Evocations


You had 4 spell levels left.
You didn't know any spells.
Your spell library was empty.

Dungeon Overview and Level Annotations

Branches:
Dungeon (3/15)

Altars:
Ashenzari
Qazlal
Wu Jian

Shops:
D:1 ?


Innate Abilities, Weirdness & Mutations

You are too large for most types of armour.
You have claws for hands.
Your natural rate of healing is unusually fast.
You are covered in fur. (AC +1)
You have tough skin. (AC +1)


Message History

No target in view!
No target in view!
Things that are here:
a +0 dagger; a goblin corpse A rat comes into view.
A rat is nearby!
A rat is nearby!
You scratch the rat.
The rat is moderately wounded.
The rat barely misses you.
You scratch the rat.
You kill the rat!
Trog accepts your kill.
No target in view!
No target in view!
No target in view!
No target in view!
Found a stone staircase leading up.
You now have 70 gold pieces (gained 12).
You now have 81 gold pieces (gained 11).
A bat comes into view.
The bat enters a dispersal trap!
You blink.
The bat moves out of view.
The bat hits you.
You mangle the bat!!
You kill the bat!
Trog accepts your kill.
No target in view!
No target in view!
No target in view!
No target in view!
Key pressed, stopping explore.
You see here a bat corpse.
Found a trident.
No target in view!
No target in view!
Found a stone staircase leading down.
j - a scroll of butterflies A giant cockroach comes into view.
A giant cockroach is nearby!
Are you sure you want to abandon this character and quit the game? (Confirm with "yes".)

[#####...###### #......#
..# #.....#### ##.###.#
#.###......... .. #.# #.#
#..##.....#### #. #.# #.#
#........###.####.###.###.#
#.#...#.## #... ......##.#
...#....# #.. ..#..##.#
...#....# #B###)#..##.#
...#.....# ##@##.#..##†#
####.#.##.# ##.###^......#
# ..#.# #.# #......#..####
# ....# #.#.###.###..# #
..#### #.# #.# #..# ## #.
... #..# # >.......#
##...#.### ##.##.#


You could see a giant cockroach (asleep).

Vanquished Creatures
  An orc priest (D:3)
  Ijyb (D:3)
  Natasha (thrice) (D:2)
  An adder (D:2)
  3 worms
  2 dart slugs (D:1)
  4 orcs (D:3)
  3 ball pythons
  7 bats
  4 endoplasms
  3 goblins
  2 hobgoblins
  6 jackals
  5 quokkas
  2 frilled lizards (D:2)
  5 kobolds
  5 rats
57 creatures vanquished.

Notes
Turn   | Place    | Note
-------+----------+-------------------------------------------
     0 | D:1      | qeuew the Troll Berserker began the quest for the Orb.
     0 | D:1      | Reached XP level 1. HP: 22/22 MP: 0/0
   130 | D:1      | Reached XP level 2. HP: 29/29 MP: 1/1
   177 | D:1      | Found Rezybaf's Magic Scroll Shop.
   552 | D:2      | Found a faded altar of an unknown god.
   560 | D:2      | Reached XP level 3. HP: 36/36 MP: 2/2
   636 | D:2      | Noticed Natasha
   640 | D:2      | Killed Natasha
   641 | D:2      | Reached ** piety under Trog
   687 | D:2      | Reached skill level 4 in Unarmed Combat
   712 | D:2      | Noticed Natasha
   719 | D:2      | Killed Natasha
   720 | D:2      | Reached XP level 4. HP: 31/45 MP: 3/3
   753 | D:2      | Noticed Natasha
   761 | D:2      | Killed Natasha
  1220 | D:3      | Reached XP level 5. HP: 51/53 MP: 4/4
  1256 | D:3      | Found a stormy altar of Qazlal.
  1258 | D:3      | Found an ornate altar of the Wu Jian Council.
  1294 | D:3      | Found a broken altar of Ashenzari.
  1294 | D:3      | Noticed Ijyb
  1312 | D:3      | Killed Ijyb
  1436 | D:3      | Reached skill level 5 in Unarmed Combat
  1549 | D:3      | Quit the game

Illustrated notes

Levels and vault maps discovered:
D:1:      dpeg_chamrin_arrival_tetris, layout_rooms, serial_shops, shop,
          chequers_avenue
D:2:      layout_basic, ebering_ecumenical_altar_ruins, st_stairs_6,
          uniq_natasha
D:3:      layout_loops_ring, nicolae_overflow_hidden_temple,
          evilmike_ruin_ashenzari, uniq_ijyb, uniq_jessica

Skill      XL: |  1  2  3  4  5 |
---------------+----------------+-----
Unarmed Combat | 4 5 |  5.0
Fighting       | 3 |  3.3
Dodging        | 3 |  3.3

Action                   |  1- 3 |  4- 6 || total
-------------------------+-------+-------++-------
Melee: Unarmed           |    61 |    56 ||   117
       Punch             |     1 |     2 ||     3
Invok: Berserk           |       |     1 ||     1
       Trog's Hand       |       |     1 ||     1
  Use: Scroll            |     2 |     2 ||     4
       Potion            |     1 |       ||     1
 Stab: Sleeping          |       |     1 ||     1
Armor: Animal skin       |    21 |    18 ||    39
Dodge: Dodged            |    23 |    22 ||    45

Table legend: (Time is in decaauts)
 A = Elapsed time spent in this place.
 B = Non-inter-level travel time spent in this place.
 C = Inter-level travel time spent in this place.
 D = Time resting spent in this place.
 E = Time spent auto-exploring this place.
 F = Levels seen in this place.
 G = Mean time per level.
                   A        B        C        D        E       F      G
               +--------+--------+--------+--------+--------+-----+--------+
         Total |   1532 |   1455 |     77 |      0 |   1162 |   3 |  510.7 |
       Dungeon |   1532 |   1455 |     77 |      0 |   1162 |   3 |  510.7 |
               +--------+--------+--------+--------+--------+-----+--------+

Top non-repeatable levels by time:
     D:2: 624 daAuts
     D:1: 498 daAuts
     D:3: 410 daAuts
